 Dungeon Crawl Stone Soup version 0.31-a0-198-g2ad674f65e (webtiles) character file.

Game seed: 12850879591100857997

7056 holysushi the Nimble (level 11, -25/69 HPs)
             Began as an Octopode Transmuter on June 26, 2023.
             Was an Initiate of Gozag.
             Succumbed to Sonja's poison
             ... on level 10 of the Dungeon.
             The game lasted 00:27:28 (14089 turns).

holysushi the Nimble (Octopode Transmuter)         Turns: 14089, Time: 00:27:29

Health: -25/69     AC:  6    Str: 17    XL:     11   Next: 9%
Magic:  13/15      EV: 31    Int: 27    God:    Gozag
Gold:   395        SH:  0    Dex: 21    Spells: 0/16 levels left

rFire   . .          .
                       - Unarmed
rCold   . . .        (shield currently unavailable)
rNeg    . . .        f - melded +2 hat
rPois   x            (no amulet)
rElec   .            i - +6 ring of intelligence
rCorr   .            q - +6 ring of strength
SInv    .            x - +6 ring of intelligence
Will    .....        A - +4 ring of protection
Stlth   +++          (no ring)
HPRegen 0.31/turn    (no ring)
MPRegen 0.14/turn    (no ring)
                     (no ring)

%: no passive effects
@: lethally poisoned (-25 -> -115), spider-form, slowed, very slow
A: venomous fangs, almost no armour, (amphibious), 8 rings, tiny, (camouflage
1), (gelatinous body 1), (nimble swimmer 1), (tentacles)
a: End Transformation, Renounce Religion, Potion Petition, Call Merchant, Bribe
Branch


You were on level 10 of the Dungeon.
You worshipped Gozag.
Gozag was aware of your devotion.
You were a venomous arachnid creature.
You visited 2 branches of the dungeon, and saw 11 of its levels.
You also visited: Ossuary and Bailey.

You collected 1730 gold pieces.
You paid 1335 gold pieces to Gozag.

Inventory:

Armour
 f - a +2 hat (melded)
Jewellery
 i - a +6 ring of intelligence (left front pincers)
 q - a +6 ring of strength (right front pincers)
 x - a +6 ring of intelligence (on tentacle)
 A - a +4 ring of protection (on tentacle)
Wands
 g - a wand of quicksilver (19)
 r - a wand of roots (19)
 C - a wand of charming (10)
Scrolls
 b - a scroll of revelation
 j - a scroll of butterflies
 k - 5 scrolls of teleportation
 m - 4 scrolls of enchant armour
 n - 3 scrolls of blinking
 p - a scroll of vulnerability
 t - a scroll of enchant weapon
 y - a scroll of silence
Potions
 a - a potion of lignification
 c - 2 potions of brilliance {unknown}
 d - 3 potions of resistance
 e - 3 potions of berserk rage
 h - a potion of attraction {unknown}
 l - 3 potions of mutation
 o - 4 potions of enlightenment
 s - a potion of heal wounds {unknown}
 z - a potion of haste
 B - 2 potions of might {unknown}


   Skills:
 - Level 4.0 Fighting
 + Level 11.2 Dodging
 - Level 4.0 Stealth
 - Level 10.0 Unarmed Combat
 - Level 3.0 Spellcasting
 - Level 6.0 Transmutations
 - Level 1.0 Ice Magic
 - Level 2.0 Poison Magic
 - Level 1.0 Evocations


You couldn't memorise any spells.
You knew the following spells:

 Your Spells              Type           Power      Damage    Failure   Level
a - Beastly Appendage     Tmut           72%        N/A       4%          1
b - Wereblood             Tmut           36%        N/A       5%          2
c - Spider Form           Tmut/Pois      25%        N/A       14%         3
d - Ice Form              Ice/Tmut       22%        N/A       41%         4
e - Statue Form           Tmut/Erth      13%        N/A       99%         6

Your spell library contained the following spells:

 Spells                   Type           Power      Damage    Failure   Level
 Shock                    Conj/Air       16%        1d4       22%         1
 Swiftness                Air            4%         N/A       47%         3
 Petrify                  Tmut/Erth      20%        N/A       47%         4
 Airstrike                Air            2%         2d(1-17)  83%         4
 Metabolic Englaciation   Hex/Ice        3%         N/A       97%         5


Dungeon Overview and Level Annotations

Branches:
Dungeon (10/15) Zot: 26888  Temple (1/1) D:5 Zot: 5978     Orc (0/2) D:9
Ossuary (visited)          Bailey (visited)
   Lair: D:8-11

Altars:
Ashenzari
Cheibriados
Dithmenos
Elyvilon
Fedhas
Gozag
Hepliaklqana
Kikubaaqudgha
Makhleb
Nemelex Xobeh
Okawaru
Qazlal
Ru
Sif Muna
Trog
Vehumet
Wu Jian
Xom
Zin
The Shining One

Shops:
D:7 :   D:8 (   D:10 =

Annotations:
D:7 2 transporters, MrSquiggles's ghost, journeyman HuWn
D:9 exclusion: centaur, Erolcha
D:10 Sonja


Innate Abilities, Weirdness & Mutations

You are a venomous arachnid creature.
You have venomous fangs.
You are tiny and dextrous.
Your spellcasting is less reliable in this form.
Your armour is entirely melded.
You are incapable of wielding weapons or throwing items.
You cannot wear most types of armour.
((You are amphibious.))
You can wear up to eight rings at the same time.
((Your skin changes colour to match your surroundings (Stealth+).))
((Your rubbery body absorbs attacks. (AC +1, EV +1)))
((You are camouflaged when in or above water. (Stealth+)))
((You have tentacles for arms and can constrict up to eight enemies at once.))


Message History

You are engulfed in a cloud of scalding steam.
A yak comes into view.
The steam dragon breathes steam at you. The ball of steam misses you.
You hear a shout! x2
The meliai is engulfed in a cloud of scalding steam.
A curare-tipped dart appears from out of thin air!
The curare-tipped dart completely misses you.
The curare-tipped dart hits the steam dragon.
The steam dragon looks as sick as possible!
The steam dragon convulses.
The steam dragon seems to slow down.
You hit the meliai.
The meliai is lightly wounded.
You are engulfed in a cloud of scalding steam.
The meliai is engulfed in a cloud of scalding steam.
The meliai completely misses you. The meliai stings you.
You are lethally poisoned!
The meliai poisons you!
A curare-tipped dart appears from out of thin air!
The curare-tipped dart hits you.
You are more poisoned.
You have difficulty breathing.
You feel yourself slow down.
The meliai is engulfed in a cloud of scalding steam.
The meliai completely misses you. x2
* * * LOW HITPOINT WARNING * * *
You feel extremely sick.
The meliai is engulfed in a cloud of scalding steam.
Something misses you. Something hits you but does no damage.
Something hits you.
* * * LOW HITPOINT WARNING * * *
You are more poisoned.
The meliai completely misses you. The meliai misses you.
The steam dragon breathes steam at you. The ball of steam misses you.
You hear some strange, mumbled words.
The meliai closely misses you. The meliai barely misses you.
You hear a shout! x4
The meliai attacks as you move away! The meliai completely misses you. x2
You die...
Your body crumbles into a pile of gold.

***,,,,,*,,,,,,,,,,,,#...?..##.#.
,,,,,*,$*,,*,,,,...#.#......##.#.
,,,,,*******,,,,,....#......##.#.
***,,*,,#$.*,,***....#########.#.
,*,,,$,,*..,,,,*,,...#########.#.
,*$,*,.###..*,$*,,#..#########.#.
*****,......#######..# *,#.
,*,,*,,.....#..#..#..# #.#.
,*,,,,,*##..=..#s§§§.##### #.#.
***,,,,,#.....###§§§.....### #.#.
,,,,,*,,*,,#§.D§§y§§.###...# #.#.
,_,,,******#...§§..#######.###.#.
,,,,,*,,*$,#....§.§.........##.#.
***,,,,,#.....###..§........##...
,*,$,,,*##.....#....#...........#
,*,,*,,,Y...#..#..#.#..........##
*****,,:....#######.#.........>∩.


You could see a meliai.

Vanquished Creatures
  Maggie (D:9)
  A kobold demonologist (D:10)
  Grinder (D:6)
  3 yaks (D:9)
  2 steam dragons
  3 water moccasins
  4 sky beasts
  15 orc warriors
  3 ogres
  13 centaurs
  A phantom (D:5)
  A kobold brigand (D:8)
  3 gnoll sergeants
  2 bullfrogs
  An elf zombie (Ossuary)
  2 scorpions (D:6)
  13 killer bees
  2 howler monkeys
  2 jellies (D:5)
  2 centaur zombies (Ossuary)
  4 hounds
  2 orc priests
  A human zombie (Ossuary)
  Jessica (D:2)
  A gnoll bouda (D:5)
  Natasha (D:2)
  4 orc wizards
  4 mummies
  16 gnolls
  8 adders
  A shadow imp (D:6)
  A white imp (D:7)
  An ufetubus (D:7)
  2 adder zombies (Ossuary)
  3 worms
  4 dart slugs
  56 orcs
  4 endoplasms
  A giant cockroach (D:1)
  2 gnoll zombies (Ossuary)
  12 goblins
  6 hobgoblins
  11 jackals
  A quokka (D:5)
  6 ball pythons
  6 bats
  2 frilled lizards (D:1)
  4 goblin zombies
  2 hobgoblin zombies (Ossuary)
  3 jackal zombies (Ossuary)
  7 kobolds
  A kobold zombie (Ossuary)
  5 orc zombies
  7 quokka zombies (Ossuary)
  3 rats
  4 rat zombies (Ossuary)
272 creatures vanquished.

Notes
Turn   | Place    | Note
-------+----------+-------------------------------------------
     0 | D:1      | holysushi the Octopode Transmuter began the quest for the
                  | Orb.
     0 | D:1      | Reached XP level 1. HP: 13/13 MP: 3/3
   267 | D:1      | Reached XP level 2. HP: 17/18 MP: 1/5
   316 | D:1      | Reached skill level 1 in Stealth
   695 | D:2      | Noticed Jessica
   774 | D:2      | Reached XP level 3. HP: 21/23 MP: 4/6
  1037 | D:2      | Killed Jessica
  1038 | D:2      | Reached XP level 4. HP: 27/28 MP: 5/7
  1053 | D:2      | Learned a level 2 spell: Wereblood
  1057 | D:2      | Learned a level 3 spell: Spider Form
  1591 | D:2      | Noticed Natasha
  1601 | D:2      | Killed Natasha
  1760 | D:2      | Reached skill level 3 in Dodging
  1760 | D:2      | Reached XP level 5. HP: 29/33 MP: 8/8
  2108 | D:3      | Found a sacrificial altar of Ru.
  2237 | D:3      | Found a hazy altar of Hepliaklqana.
  2267 | D:3      | Identified the +6 war axe "Yras" {distort, rElec rPois rF++
                  | rCorr}
  2867 | D:4      | Reached skill level 1 in Poison Magic
  2881 | D:4      | Found a sand-covered staircase.
  2888 | Ossuary  | Entered an ossuary
  3050 | Ossuary  | Reached skill level 5 in Unarmed Combat
  3050 | Ossuary  | Reached XP level 6. HP: 31/38 MP: 9/9
  3722 | D:4      | Found a snail-covered altar of Cheibriados.
  3750 | D:4      | Found a shimmering blue altar of Sif Muna.
  3908 | D:4      | Found a radiant altar of Vehumet.
  4008 | D:4      | Reached XP level 7. HP: 43/43 MP: 10/10
  4400 | D:5      | Entered Level 5 of the Dungeon
  4696 | D:4      | Reached skill level 4 in Dodging
  5540 | D:5      | Learned a level 4 spell: Ice Form
  5581 | D:5      | Reached XP level 8. HP: 33/49 MP: 8/11
  5704 | D:5      | Found a stormy altar of Qazlal.
  5711 | D:5      | Noticed a water elemental
  5711 | D:5      | Noticed an air elemental
  5724 | D:5      | Found a staircase to the Ecumenical Temple.
  5741 | Temple   | Entered the Ecumenical Temple
  5820 | D:5      | Found an opulent altar of Gozag.
  5834 | D:5      | Became a worshipper of Gozag Ym Sagoz the Greedy
  5976 | D:5      | Reached skill level 1 in Ice Magic
  6413 | D:6      | Noticed Grinder
  6420 | D:6      | Paralysed by Grinder for 3 turns
  6429 | D:6      | Killed Grinder
  6430 | D:6      | Reached skill level 5 in Transmutations
  6524 | D:6      | Reached skill level 5 in Dodging
  6720 | D:6      | Reached XP level 9. HP: 54/54 MP: 7/13
  7326 | D:6      | Reached skill level 1 in Evocations
  7554 | D:7      | Found Ziutig's Book Emporium.
  7561 | D:7      | Noticed a two-headed ogre
  7580 | D:7      | Noticed MrSquiggles's ghost (journeyman HuWn)
  7586 | D:7      | Noticed a gargoyle
  7600 | D:7      | Noticed a two-headed ogre
  7606 | D:7      | Found a transporter.
  7777 | D:7      | Reached skill level 6 in Dodging
  7859 | D:7      | Found a transporter.
 10020 | D:8      | Reached skill level 10 in Unarmed Combat
 10020 | D:8      | Reached XP level 10. HP: 50/63 MP: 9/14
 10582 | D:9      | Reached skill level 7 in Dodging
 10721 | D:9      | Found a shadowy altar of Dithmenos.
 10831 | D:9      | Reached skill level 8 in Dodging
 11118 | D:9      | Noticed Erolcha
 11189 | D:9      | Found a staircase to the Orcish Mines.
 11210 | D:9      | Noticed Maggie
 11227 | D:9      | Killed Maggie
 11592 | D:9      | Found a burning altar of Makhleb.
 11593 | D:9      | Found an iron altar of Okawaru.
 11777 | D:9      | Found a blossoming altar of Fedhas.
 12087 | D:10     | Entered Level 10 of the Dungeon
 12088 | D:10     | Noticed a kobold demonologist
 12106 | D:10     | Killed a kobold demonologist
 12107 | D:10     | Reached skill level 9 in Dodging
 12122 | D:10     | Found a flagged portal.
 12152 | Bailey   | Entered a bailey
 12590 | Bailey   | Reached skill level 10 in Dodging
 12687 | Bailey   | Found the +4 robe of Folly {Brill Will-∞ Int+8}
 13436 | Bailey   | Reached XP level 11. HP: 49/69 MP: 12/15
 13791 | Bailey   | Reached skill level 11 in Dodging
 13936 | Bailey   | Learned a level 6 spell: Statue Form
 14083 | D:10     | Noticed Sonja
 14088 | D:10     | HP: 1/69 [something (3)]
 14089 | D:10     | Succumbed to Sonja's poison

Illustrated notes

Levels and vault maps discovered:
D:1:      lightli_arrival_quake, layout_rooms
D:2:      layout_basic, minmay_ruptured, uniq_natasha, uniq_jessica
D:3:      layout_loops_ring, nicolae_hepliaklqana_hazy_memory,
          overflow_temple_1_default, serial_bayou_lagoon_a,
          kennysheep_generic_room_11
D:4:      layout_loops_ring, mainiacjoe_overflow_catwalk_spiral,
          vehumet_crystals, nicolae_ossuary_entry_giza
D:5:      layout_basic, nicolae_gozag_seed_capital,
          nicolae_qazlal_style_of_elements, minmay_temple_entry_stoned_glass
D:6:      layout_basic, hangedman_decor_peaks_small, uniq_grinder
D:7:      layout_loops_ring, serial_shops, shop, nzn_ghost_randoct,
          hangedman_decor_lopped, amethyst_killhole
D:8:      layout_gridville, hangedman_abyss_or_decor_stabs,
          minmay_misc_feat_more_columns, hangedman_decor_growths
D:9:      layout_stronghold, mainiacjoe_overflow_alcove_4,
          nicolae_dithmenos_the_darkroom, nicolae_overflow_squiral, orc_0_dummy,
          uniq_maggie, uniq_erolcha
D:10:     hangedman_cross_cluster, layout_basic,
          gammafunk_temple_overflow_statue, enter_bailey_5, uniq_sonja,
          uniq_josephine, uniq_lodul
Temple:   hellmonk_temple_rainy

Skill      XL: |  1  2  3  4  5  6  7  8  9 10 11 |
---------------+----------------------------------+-----
Stealth        | 1 2 3 4 |  4.0
Unarmed Combat | 4 5 6 8 10 | 10.0
Dodging        | 3 4 5 6 10 11 | 11.2
Transmutations | 3 4 5 6 |  6.0
Poison Magic   | 1 2 |  2.0
Fighting       | 2 3 4 |  4.0
Ice Magic      | 1 |  1.0
Spellcasting   | 3 |  3.0
Evocations     | 1 |  1.0

Action                     |  1- 3 |  4- 6 |  7- 9 | 10-12 || total
---------------------------+-------+-------+-------+-------++-------
  Melee: Unarmed           |    53 |   174 |   244 |   243 ||   714
         Constrict         |    16 |    43 |     9 |     1 ||    69
         Kick              |    14 |    53 |     6 |       ||    73
         Tentacles         |     9 |    33 |    11 |     2 ||    55
         Punch             |     1 |     7 |       |     1 ||     9
   Cast: Beastly Appendage |    15 |    32 |     7 |       ||    54
         Spider Form       |       |     5 |    47 |    30 ||    82
         Wereblood         |       |     2 |     7 |     4 ||    13
         Ice Form          |       |       |     1 |     2 ||     3
 Invoke: Call Merchant     |       |       |       |     2 ||     2
Ability: End Transformatio |       |       |    17 |    21 ||    38
    Use: Scroll            |       |    14 |     2 |     5 ||    21
         Potion            |       |       |     3 |     1 ||     4
   Stab: Sleeping          |     4 |    11 |     4 |       ||    19
 Armour: Skin              |     4 |    13 |     8 |    37 ||    62
  Dodge: Dodged            |    46 |    93 |   194 |   467 ||   800

Table legend: (Time is in decaauts)
 A = Elapsed time spent in this place.
 B = Non-inter-level travel time spent in this place.
 C = Inter-level travel time spent in this place.
 D = Time resting spent in this place.
 E = Time spent auto-exploring this place.
 F = Levels seen in this place.
 G = Mean time per level.
                   A        B        C        D        E       F      G
               +--------+--------+--------+--------+--------+-----+--------+
         Total |  13998 |  13641 |    357 |   3995 |   6001 |  13 | 1076.8 |
       Dungeon |  11427 |  11082 |    345 |   2808 |   5668 |  10 | 1142.7 |
        Temple |     21 |     10 |     11 |      0 |      0 |   1 |   21.0 |
       Ossuary |    687 |    687 |      0 |    352 |     53 |   1 |  687.0 |
        Bailey |   1862 |   1862 |      0 |    835 |    280 |   1 | 1862.0 |
               +--------+--------+--------+--------+--------+-----+--------+

Top non-repeatable levels by time:
     D:8: 2612 daAuts
     D:5: 1932 daAuts
  Bailey: 1862 daAuts
     D:2: 1240 daAuts
     D:9: 1228 daAuts
     D:4: 1040 daAuts
     D:3: 872 daAuts
     D:6: 859 daAuts
     D:1: 791 daAuts
     D:7: 737 daAuts
 Ossuary: 687 daAuts
    D:10: 111 daAuts
  Temple: 21 daAuts
